 Dungeon Sprint DCSS version 0.26-a0-757-g626ac9e51a (webtiles) character file.

Game seed: 14087308859499911782

266 sahdkjhfkaj the Grappler (level 6, -4/53 HPs)
             Began as a Barachi Warper on Nov 8, 2020.
             Was a Believer of Okawaru.
             Killed from afar by a molten gargoyle (18 damage)
             ... with a bolt of magma
             ... in the Dungeon (Sprint VII: "The Pits").
             The game lasted 00:03:43 (1358 turns).

sahdkjhfkaj the Grappler (Barachi Warper)           Turns: 1358, Time: 00:03:44

Health: -4/53      AC: 16    Str: 14    XL:     6   Next: 20%
Magic:  7/9        EV:  7    Int: 14    God:    Okawaru [**....]
Gold:   0          SH:  0    Dex: 11    Spells: 7/9 levels left

rFire    . . .     SeeInvis .     - Unarmed
rCold    . . .     Faith    .   (no shield)
rNeg     . . .     Spirit   .   l - +2 plate armour
rPois    .         Reflect  .   (no helmet)
rElec    .         Harm     .   (no cloak)
rCorr    .         Rampage  .   (no gloves)
MR       .....     NoTele   +   (no boots)
Stlth    ..........             (no amulet)
HPRegen  0.17/turn              (no ring)
MPRegen  0.11/turn              (no ring)

@: heroism, drained, slow
A: +LOS, swims, slowness 1, strong legs 1
a: Hop, Heroism, Renounce Religion


You were in the Dungeon.
You worshipped Okawaru.
Okawaru was pleased with you.
You visited 1 branch

Inventory:

Missiles
 d - 5 boomerangs of dispersal (quivered)
Armour
 l - a +2 plate armour (worn)
Scrolls
 c - 2 scrolls of blinking {!r}
 j - 3 scrolls of remove curse {!r}
 k - 5 scrolls of amnesia {!r}
Potions
 b - 2 potions of invisibility {!q}
 e - 6 potions of curing {!q}
 f - 6 potions of heal wounds {!q}
 g - a potion of haste {!q}
 h - 4 potions of magic {!q}
 i - 3 potions of berserk rage {!q}


   Skills:
 + Level 6.6(10.6) Fighting
 - Level 1.0(5.1) Throwing
 - Level 5.0(9.0) Armour
 - Level 5.0(9.0) Dodging
 - Level 10.0(13.9) Unarmed Combat
 - Level 2.1(1.4) Spellcasting
 - Level 5.0(4.1) Translocations
 - Level 1.0(0.2) Invocations


You had 7 spell levels left.
You knew the following spells:

 Your Spells              Type           Power        Failure   Level
B - Blink                 Tloc           N/A          98%         2

Your spell library contained the following spells:

 Spells                   Type           Power        Failure   Level
 Gell's Gravitas          Tloc           ##........   100%        3
 Lesser Beckoning         Tloc           ##........   100%        3
 Teleport Other           Tloc           ##......     100%        3
 Passage of Golubria      Tloc           N/A          100%        4


Dungeon Overview and Level Annotations

Branches:
Dungeon (1/1)

Altars:
Ashenzari
Cheibriados
Dithmenos
Elyvilon
Fedhas
Gozag
Hepliaklqana
Kikubaaqudgha
Makhleb
Nemelex Xobeh
Okawaru
Qazlal
Ru
Sif Muna
Trog
Uskayaw
Vehumet
Wu Jian
Xom
Yredelemnul
Zin
The Shining One
Beogh
Jiyva
Lugonu


Innate Abilities, Weirdness & Mutations

You can be seen from farther away. (+LOS)
You can swim through water.
You cover ground slowly.
You can hop short distances.


Message History

The molten gargoyle hits you with a +0 mace of draining!
* * * LOW HITPOINT WARNING * * *
You are engulfed in flames!
* * * LOW HITPOINT WARNING * * *
You feel drained.
* * * LOW HITPOINT WARNING * * *
You hit the molten gargoyle.
The molten gargoyle is moderately damaged.
Unknown command.
You hit the molten gargoyle.
The molten gargoyle is heavily damaged.
The molten gargoyle hits you but does no damage.
You feel drained.
Your plate armour prevents you from hitting the molten gargoyle.
The molten gargoyle is heavily damaged.
You punch the molten gargoyle!
The molten gargoyle is severely damaged.
The molten gargoyle blasts magma at you!
The bolt of magma hits you!!
You die...

#.#...)))[.##.......#
#(###########.......#
#.......# #########
#..###..# #.......#
##.###.##+#
#.......#.+
#..###..#9#
#.......@.#
###########


You could see a molten gargoyle.

Vanquished Creatures
  A centaur (D)
  A scorpion (D)
  2 quasits (D)
  A river rat (D)
  An ooze (D)
  A leopard gecko (D)
  An orc (D)
  2 ball pythons (D)
  3 jackals (D)
  A quokka (D)
  A ball python skeleton (D)
  A frilled lizard (D)
  A rat (D)
17 creatures vanquished.

Vanquished Creatures (collateral kills)
  An ice beast (D)
  A bat (D)
2 creatures vanquished.

Grand Total: 19 creatures vanquished

Notes
Turn   | Place    | Note
-------+----------+-------------------------------------------
     0 | D        | sahdkjhfkaj the Barachi Warper began the quest for the Orb.
     0 | D        | Reached XP level 1. HP: 17/17 MP: 3/3
    29 | D        | Reached skill level 3 in Unarmed Combat
   323 | D        | Reached skill level 4 in Unarmed Combat
   338 | D        | Found a bloodstained altar of Trog.
   338 | D        | Found a shimmering blue altar of Sif Muna.
   338 | D        | Found a viscous altar of Jiyva.
   338 | D        | Found a hazy altar of Hepliaklqana.
   338 | D        | Found an opulent altar of Gozag.
   339 | D        | Found a glowing golden altar of the Shining One.
   339 | D        | Found a glowing silver altar of Zin.
   339 | D        | Found a basalt altar of Yredelemnul.
   339 | D        | Found a shimmering altar of Xom.
   339 | D        | Found an ornate altar of the Wu Jian Council.
   339 | D        | Found a radiant altar of Vehumet.
   339 | D        | Found a sacrificial altar of Ru.
   339 | D        | Found a stormy altar of Qazlal.
   339 | D        | Found an iron altar of Okawaru.
   339 | D        | Found a sparkling altar of Nemelex Xobeh.
   339 | D        | Found a burning altar of Makhleb.
   339 | D        | Found a corrupted altar of Lugonu.
   339 | D        | Found a blossoming altar of Fedhas.
   339 | D        | Found a white marble altar of Elyvilon.
   339 | D        | Found a shadowy altar of Dithmenos.
   339 | D        | Found a snail-covered altar of Cheibriados.
   339 | D        | Found a roughly hewn altar of Beogh.
   342 | D        | Found an ancient bone altar of Kikubaaqudgha.
   342 | D        | Found a hide-covered altar of Uskayaw.
   342 | D        | Found a broken altar of Ashenzari.
   349 | D        | Became a worshipper of Warmaster Okawaru
   477 | D        | Reached XP level 2. HP: 11/23 MP: 5/5
   482 | D        | Reached skill level 5 in Unarmed Combat
   729 | D        | Reached skill level 1 in Invocations
   832 | D        | Noticed an ice beast
   843 | D        | Killed an ice beast
   843 | D        | Reached * piety under Okawaru
   843 | D        | Reached skill level 5 in Fighting
   843 | D        | Reached skill level 5 in Armour
   843 | D        | Reached skill level 6 in Unarmed Combat
   843 | D        | Reached XP level 3. HP: 33/33 MP: 6/6
   843 | D        | Reached XP level 4. HP: 39/39 MP: 7/7
   903 | D        | Noticed a centaur
   921 | D        | Reached skill level 7 in Unarmed Combat
   924 | D        | Reached skill level 8 in Unarmed Combat
   934 | D        | Killed a centaur
   934 | D        | Reached skill level 10 in Unarmed Combat
   934 | D        | Reached XP level 5. HP: 11/44 MP: 8/8
   945 | D        | Learned a level 2 spell: Blink
  1190 | D        | Reached skill level 5 in Translocations
  1190 | D        | Reached skill level 5 in Dodging
  1190 | D        | Reached XP level 6. HP: 36/51 MP: 9/9
  1340 | D        | Reached ** piety under Okawaru
  1351 | D        | Noticed a molten gargoyle
  1358 | D        | Killed from afar by a molten gargoyle

Illustrated notes

Levels and vault maps discovered:
D:        pitsprint [storerooms_1, entrance_room_1, metal_vault_8, armoury_2,
          mini_pit_1, grid_room_1, main_hall_1, silver_pit, the_coven_3,
          the_vestibule_1, steel_vault_2, golden_pit, hallway_of_sentries,
          crystal_vault_3, iron_vault_4, final_vault]

Skill      XL: |  1  2  3  4  5  6 |
---------------+-------------------+-----
Unarmed Combat | 4 6 10 | 10.0
Invocations    | 1 |  1.0
Fighting       | 5 6 |  6.6
Armour         | 5 |  5.0
Dodging        | 4 5 |  5.0
Translocations | 5 |  5.0
Throwing       | |  1.0
Spellcasting   | |  2.1

Action                   |  1- 3 |  4- 6 || total
-------------------------+-------+-------++-------
Melee: Unarmed           |    56 |    66 ||   122
       Punch             |       |     1 ||     1
Invok: Heroism           |       |     1 ||     1
 Abil: Hop               |       |     1 ||     1
  Use: Scroll            |     1 |       ||     1
Armor: Leather armour    |    13 |     4 ||    17
       Plate armour      |       |    70 ||    70
Dodge: Dodged            |    45 |    32 ||    77

Table legend: (Time is in decaauts)
 A = Elapsed time spent in this place.
 B = Non-inter-level travel time spent in this place.
 C = Inter-level travel time spent in this place.
 D = Time resting spent in this place.
 E = Time spent auto-exploring this place.
 F = Levels seen in this place.
 G = Mean time per level.
                   A        B        C        D        E       F      G
               +--------+--------+--------+--------+--------+-----+--------+
         Total |   1371 |   1354 |     17 |   1046 |      0 |   1 | 1371.0 |
       Dungeon |   1371 |   1354 |     17 |   1046 |      0 |   1 | 1371.0 |
               +--------+--------+--------+--------+--------+-----+--------+

Top non-repeatable levels by time:
       D: 1371 daAuts
